 Dungeon Sprint DCSS version 0.30-a0-920-g7493c07aab (webtiles) character file.

Game seed: 2351043999261344360

349 dialectric the Unseen (level 6, -5/32 HPs)
             Began as a Spriggan Brigand on Mar 21, 2023.
             Was an Initiate of Trog.
             Slain by a tentacle (17 damage)
             ... attached to a kraken
             ... in the Dungeon (Sprint II: "The Violet Keep of Menkaure").
             The game lasted 00:01:18 (193 turns).

dialectric the Unseen (Spriggan Brigand)             Turns: 193, Time: 00:01:19

Health: -5/32      AC:  3    Str:  7    XL:     6   Next: 33%
Magic:  7/7        EV: 17    Int: 12    God:    Trog [......]
Gold:   350        SH:  0    Dex: 19    Spells: 5/5 levels left

rFire   . . .      SeeInvis +    a - +2 dagger
rCold   . . .      Faith    .    (no shield)
rNeg    . . .      Spirit   .    b - +0 robe
rPois   .          Reflect  .    (helmet restricted)
rElec   .          Rampage  .    c - +0 cloak
rCorr   .          NoTele   +    (gloves unavailable)
Will    +....                    (boots unavailable)
Stlth   ++++                     (no amulet)
HPRegen 0.25/turn                (no ring)
MPRegen 0.10/turn                (no ring)

@: slow
A: very small, no large weapons, unfitting armour, see invisible, speed 3
a: Renounce Religion


You were in the Dungeon.
You worshipped Trog.
Trog was noncommittal.
You visited 1 branch You collected 350 gold pieces.

Inventory:

Hand Weapons
 a - a +2 dagger (weapon)
Missiles
 d - 16 poisoned darts
 e - 2 curare-tipped darts (quivered)
Armour
 b - a +0 robe (worn)
 c - a +0 cloak (worn)
Jewellery
 u - a ring of flight
 w - an amulet of faith
Scrolls
 k - 2 scrolls of blinking
 l - 2 scrolls of enchant armour {unknown}
 m - 3 scrolls of vulnerability {unknown}
 o - 3 scrolls of identify {unknown}
 p - a scroll of immolation {unknown}
 q - 3 scrolls of enchant weapon {unknown}
 s - a scroll of fog {unknown}
Potions
 f - 4 potions of curing
 g - a potion of heal wounds
 h - 3 potions of haste
 i - 6 potions of magic
 j - 3 potions of berserk rage
 n - 4 potions of flight {unknown}
 r - 4 potions of resistance {unknown}
 t - a potion of invisibility {unknown}
 v - a potion of mutation {unknown}
 x - 2 potions of attraction {unknown}


   Skills:
 + Level 3.3 Fighting
 + Level 5.3 Short Blades
 - Level 4.8 Throwing
 * Level 2.2 Dodging
 + Level 17.8 Stealth


You had 5 spell levels left.
You didn't know any spells.
Your spell library was empty.

Dungeon Overview and Level Annotations

Branches:
Dungeon (1/1)

Altars:
Cheibriados
Dithmenos
Elyvilon
Fedhas
Gozag
Hepliaklqana
Kikubaaqudgha
Makhleb
Nemelex Xobeh
Okawaru
Qazlal
Ru
Sif Muna
Trog
Uskayaw
Vehumet
Wu Jian
Xom
Yredelemnul
Zin
The Shining One
Jiyva
Lugonu

Shops:
D !([![:::=[


Innate Abilities, Weirdness & Mutations

You are very small and have problems with some larger weapons.
You are too small for most types of armour.
You have supernaturally acute eyesight. (SInv)
You cover ground extremely quickly. (Speed+++)


Message History

You see here 3 stones.
m - 3 scrolls labelled UDOEDOLIHA (gained 1)
f - 3 potions of curing (gained 1)
t - a fizzy pink potion You see here a +0 ring mail.
You now have 312 gold pieces (gained 3).
You see here a +0 cloak.
k - 2 scrolls of blinking (gained 1)
d - 12 poisoned darts (gained 3)
You see here a +0 club.
You see here 4 boomerangs.
h - 3 potions of haste (gained 1)
u - a ring of flight
j - 3 potions of berserk rage (gained 1)
You now have 323 gold pieces (gained 11).
You now have 333 gold pieces (gained 10).
d - 16 poisoned darts (gained 4)
You now have 343 gold pieces (gained 10).
v - a fizzy inky potion
w - an amulet of faith
f - 4 potions of curing (gained 1)
You see here 5 boomerangs.
l - 2 scrolls labelled WUOLETIHE (gained 1)
You see here a +0 leather armour.
q - 3 scrolls labelled TAZOLERRAT (gained 1)
x - 2 fizzy emerald potions You see here 9 stones.
You now have 350 gold pieces (gained 7).
You see here 9 stones.
You open the door.
Tentacles burst out of the water! 2 tentacles come into view.
There is an open door here.
You enter the shallow water.
Moving in this stuff is going to be slow.
The tentacle slaps you!
The water moccasin hisses angrily.
The tentacle slaps you! x2
Ouch! That really hurt!
You die...

#[[▓........▓▓ ##
+.####=:▓.:...))[▓▓ .#
...####▓....(.([▓▓ .##
#..# #▓.[.[....▓▓ ..# +..#
#▓.)(...[.▓▓ ..# #..#
#▓........▓▓
..####..####▓(.[..(..▓▓
....###^..##▓▓▓▓▓▓▓Λ▓▓▓▓+▓
......~~~~~~~~~~@w~.\wX≈≈▓
~.....†#'########+###Vww≈▓
~~~~..~#..._._._#§§§##≈≈≈▓
§~~~~.~#_._._._.#§§§§####▓
≈≈§~§~§#._._._._#~§§§≈
≈≈≈≈~~~#_._._._.#~S~≈≈
≈§§≈≈§~#._._._..#~~~~~
§≈###≈≈#_._._...#~§§§≈ ≈§
#§§#._._....#~~


You could see a kraken, 4 tentacles and a water moccasin.

Vanquished Creatures
  A merfolk siren (D)
  A water moccasin (D)
  3 worms (D)
5 creatures vanquished.

Vanquished Creatures (others)
  Menkaure (D)
1 creature vanquished.

Grand Total: 6 creatures vanquished

Notes
Turn   | Place    | Note
-------+----------+-------------------------------------------
     0 | D        | dialectric the Spriggan Brigand began the quest for the
                  | Orb.
     0 | D        | Reached XP level 1. HP: 10/10 MP: 2/2
     2 | D        | Noticed a boulder beetle
     2 | D        | Noticed a boulder beetle
    11 | D        | Reached skill level 7 in Stealth
    18 | D        | Found Huxufiaq's Antique Armour Shop.
    19 | D        | Found Soobilun's Book Shop.
    19 | D        | Found Vizxonuw's Armour Boutique.
    19 | D        | Found Ekhiceu's Book Boutique.
    19 | D        | Found Fantibob's Antique Weapon Shop.
    19 | D        | Found Laurej Inwu's Antique Armour Shop.
    19 | D        | Found Gorches's Book Shop.
    19 | D        | Found Fidostur's Distillery.
    19 | D        | Found Vekinija's Jewellery Shop.
    19 | D        | Found Bomuifos's Distillery.
    22 | D        | Reached skill level 8 in Stealth
    22 | D        | Reached XP level 2. HP: 15/15 MP: 3/3
    30 | D        | Noticed a neqoxec
    30 | D        | Noticed a neqoxec
    30 | D        | Noticed a neqoxec
    30 | D        | Noticed a neqoxec
    33 | D        | Noticed a merfolk siren
    36 | D        | Killed a merfolk siren
    37 | D        | Reached skill level 5 in Short Blades
    37 | D        | Reached skill level 17 in Stealth
    37 | D        | Reached XP level 3. HP: 20/20 MP: 4/4
    37 | D        | Reached XP level 4. HP: 24/24 MP: 5/5
    37 | D        | Reached XP level 5. HP: 28/28 MP: 6/6
    37 | D        | Reached XP level 6. HP: 32/32 MP: 7/7
    43 | D        | Noticed Menkaure
    43 | D        | Noticed a water moccasin
    45 | D        | Found a glowing golden altar of the Shining One.
    45 | D        | Found an ornate altar of the Wu Jian Council.
    45 | D        | Killed Menkaure
    46 | D        | Found a shimmering altar of Xom.
    46 | D        | Found a sacrificial altar of Ru.
    47 | D        | Found a basalt altar of Yredelemnul.
    47 | D        | Found a shimmering blue altar of Sif Muna.
    48 | D        | Found a glowing silver altar of Zin.
    48 | D        | Found a bloodstained altar of Trog.
    48 | D        | Found an ancient bone altar of Kikubaaqudgha.
    48 | D        | Found a stormy altar of Qazlal.
    48 | D        | Found a viscous altar of Jiyva.
    49 | D        | Found a hide-covered altar of Uskayaw.
    49 | D        | Found a corrupted altar of Lugonu.
    49 | D        | Found a shadowy altar of Dithmenos.
    49 | D        | Found a hazy altar of Hepliaklqana.
    49 | D        | Found a snail-covered altar of Cheibriados.
    55 | D        | Killed a water moccasin
    56 | D        | Found a radiant altar of Vehumet.
    56 | D        | Found a burning altar of Makhleb.
    56 | D        | Found a white marble altar of Elyvilon.
    57 | D        | Found a sparkling altar of Nemelex Xobeh.
    57 | D        | Found a blossoming altar of Fedhas.
    59 | D        | Found an iron altar of Okawaru.
    59 | D        | Found an opulent altar of Gozag.
    62 | D        | Noticed a water moccasin
    63 | D        | Became a worshipper of Trog the Wrathful
    70 | D        | Noticed a water moccasin
    74 | D        | Noticed a kraken
   193 | D        | Slain by a tentacle

Illustrated notes

Levels and vault maps discovered:
D:        the_violet_keep_of_menkaure [sprint2_stairs_cluster_1,
          sprint2_shoproom, sprint2_temple, sprint2_basic_supplies,
          sprint2_obstacle_6, sprint2_obstacle_2, sprint2_obstacle_1,
          sprint2_obstacle_3, sprint2_obstacle_5, sprint2_timed_cluster_1,
          sprint2_smallroom_cluster_1, sprint2_smallroom_final_cluster_1,
          sprint2_transparent_cluster_1, sprint2_second_timed_cluster_1,
          sprint2_sniper_area_1, sprint2_heavy_combat_area_1,
          sprint2_mutation_trap_area_1, sprint2_forest_area_1,
          sprint2_light_combat_area_1, sprint2_behind_water_1,
          sprint2_near_end_vault_1]

Skill      XL: |  1  2 |
---------------+-------+-----
Stealth        | 8 17 | 17.8
Fighting       | 3 |  3.3
Short Blades   | 5 |  5.3
Throwing       | 4 |  4.8
Dodging        | 2 |  2.2

Action                     |  1- 3 |  4- 6 || total
---------------------------+-------+-------++-------
  Melee: Dagger            |     3 |     6 ||     9
  Throw: Dart              |     2 |       ||     2
   Stab: Sleeping          |     3 |       ||     3
 Armour: Robe              |       |     1 ||     1
  Dodge: Dodged            |       |     2 ||     2

Table legend: (Time is in decaauts)
 A = Elapsed time spent in this place.
 B = Non-inter-level travel time spent in this place.
 C = Inter-level travel time spent in this place.
 D = Time resting spent in this place.
 E = Time spent auto-exploring this place.
 F = Levels seen in this place.
 G = Mean time per level.
                   A        B        C        D        E       F      G
               +--------+--------+--------+--------+--------+-----+--------+
         Total |    150 |    150 |      0 |      0 |      0 |   1 |  150.0 |
       Dungeon |    150 |    150 |      0 |      0 |      0 |   1 |  150.0 |
               +--------+--------+--------+--------+--------+-----+--------+

Top non-repeatable levels by time:
       D: 150 daAuts
